[ AOE2 MATCH · #481093408 ]
Team RMBritons vs Turks
[ REPLAY ANALYSIS · EXTRACTED FROM THE RECORDED GAME ]
Feudal
10:40
Castle
25:29
Imperial
37:25
| APM avg | 31.9 |
| APM peak | 80 |
| eAPM avg | 10.4 |
| Villagers / military | 82 / 77 |
Focus
⚔️ 34.8% · 🌾 65.2%
Longbowman ×32 · Militia ×23 · Archer ×11 · Spearman ×7 · Trebuchet (Packed) ×4
Feudal
9:56
Castle
24:43
Imperial
39:47
| APM avg | 29.8 |
| APM peak | 65 |
| eAPM avg | 12.7 |
| Villagers / military | 69 / 102 |
Focus
⚔️ 29.1% · 🌾 70.9%
Cavalry Archer ×62 · Leitis ×14 · Archer ×7 · Knight ×6 · Militia ×5 · Skirmisher ×4
Feudal
12:50
Castle
30:27
Imperial
43:12
| APM avg | 21.2 |
| APM peak | 69 |
| eAPM avg | 15.8 |
| Villagers / military | 109 / 132 |
Focus
⚔️ 31.3% · 🌾 68.7%
Militia ×56 · Skirmisher ×38 · Spearman ×19 · Scout Cavalry ×8 · Petard ×7 · Monk ×1
Feudal
12:13
Castle
24:54
Imperial
39:24
| APM avg | 14.7 |
| APM peak | 45 |
| eAPM avg | 9.1 |
| Villagers / military | 37 / 116 |
Focus
⚔️ 42.1% · 🌾 57.9%
Composite Bowman ×90 · Skirmisher ×8 · Trebuchet (Packed) ×7 · Petard ×6 · Spearman ×5
Match map
Initial resources + every placement click. Lines = walls · curves = elevation contours. ◆ gold · ⬟ stone · ● berries · ✦ relic · ◌ wall gap
Your base· Open — unwalled flank
lE ponk's base· Open — unwalled flank
lahwy's base· Open — unwalled flank
LangyMeister's base· Open — unwalled flank
Smoothed initial terrain · ◌ = detected wall gap · hover for details
Inputs per minute
— GWmafia - - lE ponk
Build order — GWmafia
First 150 of 251 actions detected
| 0:04 | Build | House |
| 0:04 | Create | Villager (Male) |
| 0:05 | Create | Villager (Male) |
| 0:05 | Create | Villager (Male) |
| 0:05 | Create | Villager (Male) |
| 0:06 | Build | House |
| 1:29 | Build | Lumber Camp |
| 1:34 | Create | Villager (Male) |
| 2:11 | Create | Villager (Male) |
| 2:12 | Create | Villager (Male) |
| 3:06 | Create | Villager (Male) |
| 3:06 | Create | Villager (Male) |
| 3:06 | Create | Villager (Male) |
| 3:46 | Build | House |
| 4:01 | Create | Villager (Male) |
| 4:08 | Build | Mill |
| 4:14 | Build | House |
| 4:37 | Create | Villager (Male) |
| 5:09 | Create | Villager (Male) |
| 5:09 | Create | Villager (Male) |
| 5:10 | Create | Villager (Male) |
| 5:48 | Create | Villager (Male) |
| 6:03 | Create | Villager (Male) |
| 6:25 | Create | Villager (Male) |
| 6:30 | Research | Loom |
| 6:34 | Create | Villager (Male) |
| 6:37 | Create | Villager (Male) |
| 6:44 | Build | House |
| 6:50 | Create | Villager (Male) |
| 7:57 | Build | Farm |
| 8:05 | Build | Farm |
| 8:12 | Build | Farm |
| 8:30 | Research | Feudal Age |
| 8:50 | Create | Villager (Male) |
| 10:40 | Age | Feudal Age |
| 10:44 | Research | Horse Collar |
| 10:46 | Research | Wheelbarrow |
| 10:50 | Create | Villager (Male) |
| 10:50 | Create | Villager (Male) |
| 11:19 | Build | Farm |
| 11:20 | Build | Farm |
| 11:21 | Build | Farm |
| 11:26 | Build | Farm |
| 12:49 | Build | House |
| 13:03 | Build | Barracks |
| 13:17 | Create | Villager (Male) |
| 13:17 | Create | Villager (Male) |
| 13:17 | Create | Villager (Male) |
| 13:18 | Create | Villager (Male) |
| 13:25 | Build | House |
| 13:38 | Build | Mining Camp |
| 14:35 | Create | Villager (Male) |
| 14:41 | Build | Archery Range |
| 15:01 | Build | House |
| 15:04 | Create | Villager (Male) |
| 15:05 | Create | Villager (Male) |
| 15:10 | Research | Man-at-Arms (upgrade) |
| 15:10 | Create | Militia |
| 15:11 | Create | Militia |
| 15:25 | Create | Villager (Male) |
| 15:44 | Create | Villager (Male) |
| 15:52 | Build | Farm |
| 16:10 | Build | Mining Camp |
| 16:14 | Create | Archer |
| 16:14 | Create | Archer |
| 16:19 | Create | Spearman |
| 16:19 | Create | Militia |
| 16:28 | Create | Villager (Male) |
| 16:45 | Build | Lumber Camp |
| 16:49 | Create | Villager (Male) |
| 17:06 | Create | Archer |
| 17:08 | Create | Militia |
| 17:15 | Create | Militia |
| 17:27 | Create | Villager (Male) |
| 17:28 | Create | Villager (Male) |
| 17:45 | Create | Villager (Male) |
| 18:13 | Build | Watch Tower |
| 18:24 | Build | Watch Tower |
| 18:33 | Create | Villager (Male) |
| 18:40 | Build | Blacksmith |
| 18:48 | Create | Villager (Male) |
| 18:48 | Create | Villager (Male) |
| 19:40 | Build | House |
| 19:41 | Build | House |
| 19:42 | Build | House |
| 19:43 | Build | House |
| 19:44 | Build | House |
| 19:45 | Build | House |
| 20:49 | Create | Villager (Male) |
| 20:49 | Create | Villager (Male) |
| 21:30 | Build | Farm |
| 21:31 | Build | Farm |
| 21:32 | Build | Farm |
| 21:34 | Build | Farm |
| 21:35 | Build | Farm |
| 21:36 | Build | Farm |
| 21:37 | Build | Farm |
| 21:40 | Build | Farm |
| 22:49 | Research | Castle Age |
| 22:49 | Create | Villager (Male) |
| 23:37 | Research | Arson |
| 23:55 | Create | Villager (Male) |
| 24:42 | Build | Farm |
| 24:43 | Build | Farm |
| 24:45 | Create | Villager (Male) |
| 24:45 | Create | Villager (Male) |
| 25:22 | Create | Villager (Male) |
| 25:29 | Age | Castle Age |
| 25:40 | Research | Hand Cart |
| 25:43 | Research | Heavy Plow |
| 26:01 | Build | Town Center |
| 26:10 | Create | Villager (Male) |
| 26:12 | Research | Crossbowman (upgrade) |
| 26:13 | Create | Archer |
| 26:13 | Create | Archer |
| 26:13 | Create | Archer |
| 26:15 | Research | Long Swordsman (upgrade) |
| 26:15 | Research | Pikeman (upgrade) |
| 26:43 | Build | Farm |
| 26:54 | Build | Farm |
| 26:56 | Build | Farm |
| 26:59 | Build | Farm |
| 27:22 | Research | Fletching |
| 27:22 | Research | Padded Archer Armor |
| 27:44 | Build | Castle |
| 27:58 | Create | Archer |
| 27:59 | Create | Militia |
| 27:59 | Create | Spearman |
| 28:01 | Create | Militia |
| 28:01 | Create | Spearman |
| 28:04 | Research | Bodkin Arrow |
| 28:09 | Create | Villager (Male) |
| 28:10 | Create | Villager (Male) |
| 28:34 | Research | Town Watch |
| 28:43 | Create | Archer |
| 28:43 | Create | Archer |
| 29:19 | Create | Villager (Male) |
| 29:20 | Create | Villager (Male) |
| 29:22 | Create | Villager (Male) |
| 29:23 | Create | Villager (Male) |
| 29:25 | Create | Villager (Male) |
| 29:25 | Create | Villager (Male) |
| 29:36 | Build | Mining Camp |
| 30:25 | Create | Villager (Male) |
| 30:25 | Create | Villager (Male) |
| 30:38 | Build | Farm |
| 30:59 | Create | Archer |
| 30:59 | Create | Archer |
| 31:00 | Create | Militia |
| 31:00 | Create | Spearman |
Build order — lE ponk
First 150 of 291 actions detected
| 0:04 | Build | House |
| 0:05 | Build | House |
| 0:09 | Create | Villager (Male) |
| 0:09 | Create | Villager (Male) |
| 0:09 | Create | Villager (Male) |
| 0:09 | Create | Villager (Male) |
| 1:21 | Create | Villager (Male) |
| 2:01 | Research | Loom |
| 2:21 | Build | Mill |
| 2:33 | Create | Villager (Male) |
| 2:33 | Create | Villager (Male) |
| 3:00 | Create | Villager (Male) |
| 3:35 | Create | Villager (Male) |
| 3:36 | Create | Villager (Male) |
| 4:17 | Create | Villager (Male) |
| 4:28 | Build | House |
| 4:29 | Build | House |
| 4:54 | Create | Villager (Male) |
| 5:30 | Create | Villager (Male) |
| 5:30 | Create | Villager (Male) |
| 6:00 | Create | Villager (Male) |
| 6:00 | Create | Villager (Male) |
| 6:09 | Build | Lumber Camp |
| 7:21 | Build | Barracks |
| 7:46 | Research | Feudal Age |
| 9:43 | Create | Villager (Male) |
| 9:44 | Create | Villager (Male) |
| 9:56 | Age | Feudal Age |
| 9:59 | Research | Wheelbarrow |
| 10:06 | Build | Farm |
| 10:08 | Build | Farm |
| 10:11 | Build | Farm |
| 10:15 | Build | Farm |
| 10:18 | Build | Farm |
| 10:22 | Build | Farm |
| 10:33 | Build | House |
| 10:34 | Build | House |
| 10:41 | Build | Farm |
| 11:08 | Create | Villager (Male) |
| 11:11 | Create | Villager (Male) |
| 11:29 | Build | Mining Camp |
| 12:40 | Research | Arson |
| 13:14 | Research | Gold Mining |
| 13:17 | Research | Double-Bit Axe |
| 13:19 | Research | Horse Collar |
| 13:22 | Build | Farm |
| 13:42 | Build | Farm |
| 13:46 | Build | Farm |
| 14:20 | Research | Man-at-Arms (upgrade) |
| 14:24 | Create | Militia |
| 14:25 | Create | Militia |
| 14:25 | Create | Militia |
| 14:25 | Create | Militia |
| 14:25 | Create | Militia |
| 15:01 | Create | Villager (Male) |
| 15:01 | Create | Villager (Male) |
| 15:01 | Create | Villager (Male) |
| 15:02 | Create | Villager (Male) |
| 15:35 | Build | Watch Tower |
| 15:54 | Build | Farm |
| 16:02 | Build | Stable |
| 16:13 | Build | Archery Range |
| 16:35 | Create | Scout Cavalry |
| 16:37 | Research | Bloodlines |
| 16:38 | Create | Scout Cavalry |
| 17:00 | Create | Villager (Male) |
| 17:01 | Create | Villager (Male) |
| 17:01 | Create | Villager (Male) |
| 17:11 | Build | House |
| 17:11 | Build | House |
| 17:13 | Build | House |
| 17:15 | Create | Archer |
| 17:43 | Create | Archer |
| 17:43 | Create | Archer |
| 17:50 | Build | Farm |
| 18:38 | Build | Farm |
| 20:48 | Create | Villager (Male) |
| 20:48 | Create | Villager (Male) |
| 20:48 | Create | Villager (Male) |
| 21:18 | Research | Castle Age |
| 21:37 | Build | Mining Camp |
| 21:49 | Build | Farm |
| 22:16 | Build | Farm |
| 22:19 | Research | Stone Mining |
| 23:12 | Create | Archer |
| 23:12 | Create | Archer |
| 23:13 | Create | Archer |
| 23:13 | Create | Archer |
| 23:43 | Build | Mining Camp |
| 23:52 | Build | Market |
| 24:43 | Age | Castle Age |
| 25:12 | Build | Town Center |
| 25:27 | Research | Crossbowman (upgrade) |
| 25:41 | Create | Cavalry Archer |
| 25:41 | Create | Cavalry Archer |
| 25:41 | Create | Cavalry Archer |
| 26:08 | Research | Stone Shaft Mining |
| 26:11 | Create | Villager (Male) |
| 26:12 | Create | Villager (Male) |
| 26:12 | Create | Villager (Male) |
| 26:12 | Create | Villager (Male) |
| 26:23 | Research | Light Cavalry (upgrade) |
| 27:28 | Create | Villager (Male) |
| 27:28 | Create | Villager (Male) |
| 27:29 | Create | Villager (Male) |
| 27:29 | Create | Villager (Male) |
| 27:29 | Create | Villager (Male) |
| 28:05 | Build | Blacksmith |
| 28:33 | Build | Castle |
| 28:35 | Create | Villager (Male) |
| 28:35 | Create | Villager (Male) |
| 28:44 | Create | Villager (Male) |
| 28:44 | Create | Villager (Male) |
| 29:15 | Create | Villager (Male) |
| 29:16 | Create | Villager (Male) |
| 29:26 | Research | Scale Barding Armor |
| 29:27 | Research | Forging |
| 29:28 | Research | Fletching |
| 29:30 | Research | Padded Archer Armor |
| 29:32 | Research | Scale Mail Armor |
| 29:53 | Build | Archery Range |
| 29:58 | Create | Cavalry Archer |
| 29:59 | Create | Cavalry Archer |
| 29:59 | Create | Cavalry Archer |
| 30:39 | Research | Hand Cart |
| 30:43 | Create | Villager (Male) |
| 30:43 | Create | Villager (Male) |
| 30:43 | Create | Villager (Male) |
| 30:58 | Create | Villager (Male) |
| 30:58 | Create | Villager (Male) |
| 31:10 | Build | Farm |
| 31:12 | Build | Farm |
| 31:45 | Build | Farm |
| 31:49 | Build | Farm |
| 31:53 | Build | Farm |
| 32:18 | Research | Thumb Ring |
| 32:37 | Create | Cavalry Archer |
| 32:38 | Create | Cavalry Archer |
| 32:38 | Create | Cavalry Archer |
| 32:39 | Create | Cavalry Archer |
| 32:54 | Create | Villager (Male) |
| 32:54 | Create | Villager (Male) |
| 32:54 | Create | Villager (Male) |
| 32:57 | Build | Farm |
| 33:07 | Build | Farm |
| 33:26 | Create | Cavalry Archer |
| 33:40 | Create | Villager (Male) |
| 33:40 | Create | Villager (Male) |
| 33:41 | Create | Villager (Male) |
| 34:52 | Research | Husbandry |
Build order — lahwy
First 150 of 456 actions detected
| 0:07 | Build | House |
| 0:08 | Build | House |
| 0:09 | Create | Villager (Male) |
| 0:09 | Research | Loom |
| 0:10 | Create | Villager (Male) |
| 0:37 | Build | House |
| 0:38 | Build | House |
| 0:45 | Create | Villager (Male) |
| 1:07 | Create | Villager (Male) |
| 1:51 | Create | Villager (Male) |
| 2:13 | Build | Mill |
| 2:48 | Create | Villager (Male) |
| 2:48 | Create | Villager (Male) |
| 3:24 | Create | Villager (Male) |
| 3:44 | Create | Villager (Male) |
| 4:00 | Create | Villager (Male) |
| 4:39 | Create | Villager (Male) |
| 4:56 | Create | Villager (Male) |
| 5:27 | Create | Villager (Male) |
| 5:49 | Create | Villager (Male) |
| 6:17 | Create | Villager (Male) |
| 6:36 | Create | Villager (Male) |
| 7:07 | Create | Villager (Male) |
| 7:30 | Create | Villager (Male) |
| 7:50 | Create | Villager (Male) |
| 8:18 | Build | House |
| 8:20 | Build | House |
| 8:24 | Build | House |
| 8:43 | Create | Villager (Male) |
| 9:20 | Create | Villager (Male) |
| 9:28 | Create | Villager (Male) |
| 9:47 | Build | Lumber Camp |
| 10:05 | Build | Farm |
| 10:11 | Build | Mining Camp |
| 10:15 | Create | Villager (Male) |
| 10:29 | Research | Feudal Age |
| 10:33 | Build | Lumber Camp |
| 10:48 | Build | House |
| 10:55 | Create | Villager (Male) |
| 10:56 | Create | Villager (Male) |
| 12:04 | Build | Barracks |
| 12:14 | Create | Villager (Male) |
| 12:50 | Age | Feudal Age |
| 12:54 | Build | Watch Tower |
| 13:23 | Research | Double-Bit Axe |
| 13:25 | Research | Horse Collar |
| 13:26 | Create | Villager (Male) |
| 13:27 | Create | Villager (Male) |
| 13:44 | Create | Spearman |
| 13:50 | Build | Farm |
| 13:51 | Build | Farm |
| 14:14 | Build | Farm |
| 14:31 | Create | Villager (Male) |
| 14:34 | Build | Farm |
| 14:57 | Build | Stone Wall |
| 15:09 | Build | Mining Camp |
| 15:12 | Create | Villager (Male) |
| 15:28 | Create | Spearman |
| 15:32 | Create | Spearman |
| 15:37 | Build | Farm |
| 15:52 | Build | Farm |
| 15:53 | Create | Villager (Male) |
| 15:54 | Create | Villager (Male) |
| 16:22 | Create | Villager (Male) |
| 16:24 | Build | Farm |
| 16:45 | Build | Gate |
| 16:55 | Research | Gold Mining |
| 17:02 | Build | Stone Wall |
| 17:22 | Build | Farm |
| 17:23 | Create | Villager (Male) |
| 17:41 | Create | Villager (Male) |
| 17:50 | Create | Villager (Male) |
| 17:54 | Build | Farm |
| 18:13 | Create | Villager (Male) |
| 18:18 | Build | Farm |
| 18:37 | Create | Spearman |
| 18:38 | Create | Spearman |
| 18:47 | Build | House |
| 18:48 | Build | House |
| 19:45 | Create | Militia |
| 19:45 | Create | Militia |
| 20:05 | Research | Man-at-Arms (upgrade) |
| 20:06 | Create | Militia |
| 20:12 | Build | Watch Tower |
| 21:07 | Create | Militia |
| 21:07 | Create | Militia |
| 21:14 | Build | House |
| 21:14 | Build | House |
| 21:15 | Build | House |
| 21:15 | Build | House |
| 21:15 | Build | House |
| 21:15 | Build | House |
| 21:40 | Build | Mining Camp |
| 22:03 | Create | Villager (Male) |
| 22:03 | Create | Villager (Male) |
| 22:03 | Create | Villager (Male) |
| 22:28 | Create | Militia |
| 22:49 | Create | Villager (Male) |
| 23:10 | Build | Watch Tower |
| 23:24 | Create | Militia |
| 23:37 | Create | Militia |
| 23:37 | Create | Militia |
| 23:55 | Build | Blacksmith |
| 24:00 | Build | Market |
| 24:05 | Create | Villager (Male) |
| 24:05 | Create | Villager (Male) |
| 24:06 | Create | Villager (Male) |
| 24:06 | Create | Villager (Male) |
| 24:12 | Create | Militia |
| 24:51 | Build | Farm |
| 24:56 | Build | Farm |
| 25:25 | Build | Farm |
| 25:27 | Build | Farm |
| 25:41 | Create | Militia |
| 25:42 | Create | Militia |
| 25:47 | Research | Fletching |
| 25:48 | Research | Forging |
| 25:52 | Build | House |
| 25:53 | Build | House |
| 25:53 | Build | House |
| 25:53 | Build | House |
| 25:53 | Build | House |
| 25:54 | Build | House |
| 25:57 | Build | Farm |
| 25:58 | Create | Villager (Male) |
| 26:27 | Create | Militia |
| 26:27 | Create | Militia |
| 26:30 | Build | Barracks |
| 26:30 | Build | Barracks |
| 26:31 | Build | Barracks |
| 26:52 | Build | Farm |
| 26:52 | Create | Villager (Male) |
| 26:53 | Create | Villager (Male) |
| 26:53 | Create | Villager (Male) |
| 26:56 | Research | Stone Mining |
| 26:59 | Research | Scale Mail Armor |
| 27:00 | Research | Padded Archer Armor |
| 27:22 | Create | Militia |
| 27:22 | Create | Militia |
| 27:22 | Create | Militia |
| 27:46 | Research | Castle Age |
| 28:39 | Research | Arson |
| 28:51 | Create | Militia |
| 28:52 | Create | Militia |
| 28:52 | Create | Militia |
| 28:52 | Create | Militia |
| 29:18 | Build | Lumber Camp |
| 29:22 | Create | Villager (Male) |
| 29:22 | Create | Villager (Male) |
| 29:38 | Create | Militia |
Build order — LangyMeister
First 150 of 227 actions detected
| 0:03 | Build | House |
| 0:06 | Build | House |
| 0:10 | Create | Villager (Male) |
| 0:11 | Create | Villager (Male) |
| 0:11 | Create | Villager (Male) |
| 0:11 | Create | Villager (Male) |
| 2:52 | Create | Villager (Male) |
| 2:52 | Create | Villager (Male) |
| 2:52 | Create | Villager (Male) |
| 3:27 | Create | Villager (Male) |
| 3:32 | Create | Villager (Male) |
| 3:34 | Create | Villager (Male) |
| 3:42 | Build | House |
| 3:47 | Build | House |
| 4:27 | Build | Mule Cart |
| 5:35 | Create | Villager (Male) |
| 5:35 | Create | Villager (Male) |
| 6:38 | Create | Villager (Male) |
| 6:38 | Create | Villager (Male) |
| 6:42 | Create | Villager (Male) |
| 7:10 | Build | Mill |
| 8:53 | Build | Barracks |
| 9:51 | Build | House |
| 9:54 | Build | House |
| 9:58 | Build | House |
| 10:03 | Research | Feudal Age |
| 10:46 | Build | House |
| 10:49 | Build | House |
| 11:10 | Create | Villager (Male) |
| 11:10 | Create | Villager (Male) |
| 11:10 | Create | Villager (Male) |
| 11:11 | Create | Villager (Male) |
| 11:11 | Create | Villager (Male) |
| 11:11 | Create | Villager (Male) |
| 12:13 | Age | Feudal Age |
| 12:13 | Research | Double-Bit Axe |
| 12:40 | Research | Pikeman (upgrade) |
| 12:53 | Build | Mule Cart |
| 13:19 | Research | Horse Collar |
| 13:46 | Build | Farm |
| 13:54 | Build | Farm |
| 14:07 | Build | Farm |
| 14:17 | Build | Farm |
| 14:23 | Build | Farm |
| 14:29 | Build | Farm |
| 14:34 | Build | Farm |
| 14:44 | Build | Farm |
| 14:47 | Create | Villager (Male) |
| 14:48 | Create | Villager (Male) |
| 14:48 | Create | Villager (Male) |
| 14:48 | Research | Loom |
| 14:54 | Create | Spearman |
| 14:54 | Create | Spearman |
| 14:54 | Create | Spearman |
| 15:21 | Build | Farm |
| 16:18 | Build | Farm |
| 16:28 | Build | Watch Tower |
| 16:41 | Build | Watch Tower |
| 17:01 | Build | Farm |
| 17:08 | Create | Spearman |
| 17:08 | Create | Spearman |
| 17:14 | Create | Villager (Male) |
| 17:14 | Create | Villager (Male) |
| 17:15 | Create | Villager (Male) |
| 17:15 | Create | Villager (Male) |
| 18:08 | Build | Mule Cart |
| 18:16 | Build | Blacksmith |
| 18:23 | Build | Market |
| 18:31 | Build | House |
| 18:34 | Build | House |
| 18:37 | Build | House |
| 18:43 | Build | House |
| 19:53 | Research | Stone Mining |
| 19:53 | Research | Gold Mining |
| 21:09 | Build | Watch Tower |
| 22:14 | Research | Castle Age |
| 22:24 | Build | House |
| 22:27 | Build | House |
| 22:31 | Build | House |
| 22:39 | Build | Archery Range |
| 23:01 | Research | Fletching |
| 23:02 | Research | Padded Archer Armor |
| 24:54 | Age | Castle Age |
| 25:00 | Build | Castle |
| 25:55 | Build | Town Center |
| 27:25 | Create | Composite Bowman |
| 27:25 | Create | Composite Bowman |
| 27:26 | Create | Composite Bowman |
| 27:26 | Create | Composite Bowman |
| 27:26 | Create | Composite Bowman |
| 27:26 | Create | Composite Bowman |
| 27:27 | Create | Composite Bowman |
| 27:27 | Create | Composite Bowman |
| 27:27 | Create | Composite Bowman |
| 27:28 | Create | Composite Bowman |
| 27:28 | Create | Composite Bowman |
| 27:28 | Create | Composite Bowman |
| 27:55 | Create | Villager (Male) |
| 27:56 | Create | Villager (Male) |
| 27:56 | Create | Villager (Male) |
| 27:57 | Research | Wheelbarrow |
| 27:59 | Create | Villager (Male) |
| 29:42 | Build | Castle |
| 30:09 | Create | Villager (Male) |
| 30:09 | Create | Villager (Male) |
| 30:16 | Research | Gold Shaft Mining |
| 31:52 | Build | House |
| 31:56 | Build | House |
| 31:58 | Build | House |
| 32:01 | Build | House |
| 32:05 | Build | House |
| 32:10 | Build | House |
| 32:14 | Build | House |
| 32:17 | Build | House |
| 32:22 | Build | House |
| 32:26 | Build | House |
| 32:31 | Build | House |
| 32:45 | Create | Composite Bowman |
| 32:45 | Create | Composite Bowman |
| 32:46 | Create | Composite Bowman |
| 32:46 | Create | Composite Bowman |
| 32:46 | Create | Composite Bowman |
| 32:46 | Create | Composite Bowman |
| 32:47 | Create | Composite Bowman |
| 32:47 | Create | Composite Bowman |
| 32:47 | Create | Composite Bowman |
| 32:49 | Create | Composite Bowman |
| 32:49 | Create | Composite Bowman |
| 33:45 | Create | Petard |
| 33:46 | Create | Petard |
| 33:46 | Create | Petard |
| 33:46 | Create | Petard |
| 33:46 | Create | Petard |
| 33:48 | Create | Petard |
| 36:14 | Research | Imperial Age |
| 37:44 | Build | Castle |
| 38:34 | Create | Villager (Male) |
| 38:35 | Create | Villager (Male) |
| 38:35 | Create | Villager (Male) |
| 39:24 | Age | Imperial Age |
| 39:27 | Create | Trebuchet (Packed) |
| 39:27 | Create | Trebuchet (Packed) |
| 39:27 | Create | Trebuchet (Packed) |
| 39:28 | Create | Trebuchet (Packed) |
| 41:12 | Research | Elite Composite Bowman (upgrade) |
| 42:07 | Create | Composite Bowman |
| 42:07 | Create | Composite Bowman |
| 42:07 | Create | Composite Bowman |
| 42:08 | Create | Composite Bowman |
| 42:08 | Create | Composite Bowman |
Match timeline
| 7:21 | lE ponk · first_building Barracks |
| 8:53 | LangyMeister · first_building Barracks |
| 9:56 | lE ponk · age_up feudal |
| 10:40 | GWmafia · age_up feudal |
| 12:04 | lahwy · first_building Barracks |
| 12:13 | LangyMeister · age_up feudal |
| 12:50 | lahwy · age_up feudal |
| 13:03 | GWmafia · first_building Barracks |
| 14:41 | GWmafia · first_building Archery Range |
| 14:57 | lahwy · wall_segment Stone Wall x16 |
| 16:02 | lE ponk · first_building Stable |
| 16:13 | lE ponk · first_building Archery Range |
| 17:02 | lahwy · wall_segment Stone Wall x8 |
| 22:39 | LangyMeister · first_building Archery Range |
| 23:27 | LangyMeister · first_market_buy 100 stone |
| 24:43 | lE ponk · age_up castle |
| 24:48 | lE ponk · first_market_sell 100 food |
| 24:51 | lE ponk · first_market_buy 100 stone |
| 24:54 | LangyMeister · age_up castle |
| 25:00 | LangyMeister · first_building Castle |
| 25:29 | GWmafia · age_up castle |
| 26:06 | LangyMeister · tribute_sent a jugador 1 |
| 26:06 | LangyMeister · tribute_sent a jugador 2 |
| 26:06 | LangyMeister · tribute_sent a jugador 3 |
| 27:32 | lahwy · first_market_sell 100 wood |
| 27:34 | lahwy · first_market_buy 100 food |
| 27:44 | GWmafia · first_building Castle |
| 28:33 | lE ponk · first_building Castle |
| 29:15 | LangyMeister · first_market_sell 100 food |
| 30:05 | lahwy · first_building Archery Range |
| 30:27 | lahwy · age_up castle |
| 30:36 | lahwy · first_building Castle |
| 37:25 | GWmafia · age_up imperial |
| 39:24 | LangyMeister · age_up imperial |
| 39:47 | lE ponk · age_up imperial |
| 40:42 | lahwy · first_building Monastery |
| 43:12 | lahwy · age_up imperial |
| 52:13 | lahwy · first_building Stable |
| 56:29 | lE ponk · first_building Monastery |
| 56:37 | LangyMeister · resign |
[ AI ANALYSIS · 1 CREDIT ]
What really happened in this match?
Wolo.gg analyzes every decision: build order, eco, micro, common mistakes by bracket. Personalized analysis on WhatsApp or Discord in 30 seconds.
Civ guide
Britons
Map guide
Arabia
Perfil
Jugador #25317652